[Event "Gibraltar Masters 18th"]
[Site "Gibraltar"]
[Date "2020.01.27"]
[Round "7.36"]
[White "Horvath, Dominik"]
[Black "Ramirez, Alejandro"]
[Result "0-1"]
[ECO "E01"]
[WhiteElo "2449"]
[BlackElo "2574"]
[PlyCount "64"]
[EventDate "2020.01.21"]
[EventType "swiss"]
[EventRounds "10"]
[EventCountry "GGB"]
[SourceTitle "BritBase"]
[Source "John Saunders"]
[SourceDate "2021.06.05"]
[SourceVersion "1"]
[SourceVersionDate "2021.06.05"]
[SourceQuality "1"]
[TimeControl "40/100:0"]
[WhiteClock "0:13:09"]
[BlackClock "0:07:28"]

1. Nf3 d5 2. d4 Nf6 3. c4 e6 4. g3 Bb4+ 5. Nbd2 dxc4 6. a3 Bxd2+ 7. Bxd2 O-O 8. Bg2 Nc6 9. e3 Rb8 10. Rc1 b5 11. b3 Qd6 12. bxc4 bxc4 13. Rxc4 Ba6 14. Rc5 Ne4 15. Rc2 Rb6 16. Bc1 Rd8 17. Nd2 Nxd2 18.
Qxd2 e5 19. d5 Ne7 20. e4 c6 21. f4 cxd5 22. exd5 exf4 23. Qxf4 Qd7 24. Rc5 Re6+ 25. Be3 Nf5 26. Bh3 Nxe3 27. Bxe6 Ng2+ 28. Kd2 Qxe6 29. Qf3 Qb6 30. Rhc1 Qb2+ 31. R1c2 Qd4+ 32. Kc1 Qa1+ 0-1

[Event "Gibraltar Masters 18th"]
[Site "Gibraltar"]
[Date "2020.01.27"]
[Round "7.37"]
[White "Li, Di"]
[Black "Kulkarni, Bhakti"]
[Result "1-0"]
[ECO "E06"]
[WhiteElo "2562"]
[BlackElo "2404"]
[PlyCount "51"]
[EventDate "2020.01.21"]
[EventType "swiss"]
[EventRounds "10"]
[EventCountry "GGB"]
[SourceTitle "BritBase"]
[Source "John Saunders"]
[SourceDate "2021.06.05"]
[SourceVersion "1"]
[SourceVersionDate "2021.06.05"]
[SourceQuality "1"]
[TimeControl "40/100:0"]
[WhiteClock "1:10:27"]
[BlackClock "0:21:37"]

1. d4 d5 2. c4 e6 3. Nf3 Nf6 4. Nc3 Be7 5. g3 O-O 6. Bg2 c6 7. O-O b6 8. Nd2 b5 9. cxb5 cxb5 10. Nxb5 Qb6 11. Nc3 Qxd4 12. e4 Ba6 13. Nb3 Qb4 14. exd5 exd5 15. Bd2 Qd6 16. Bf4 Qb6 17. Be3 Qd8 18. Nxd5 Nxd5 19. Qxd5 Bxf1 20. Qxd8 Rxd8 21. Kxf1 Nd7 22. Bxa8 Rxa8 23. Rc1 Nb6 24. Bd4 f6 25. Rc7 Kf8 26. Na5 1-0

[Event "Gibraltar Masters 18th"]
[Site "Gibraltar"]
[Date "2020.01.27"]
[Round "7.38"]
[White "Atalik, Ekaterina"]
[Black "Lalith, Babu M R"]
[Result "0-1"]
[ECO "A57"]
[WhiteElo "2450"]
[BlackElo "2558"]
[PlyCount "60"]
[EventDate "2020.01.21"]
[EventType "swiss"]
[EventRounds "10"]
[EventCountry "GGB"]
[SourceTitle "BritBase"]
[Source "John Saunders"]
[SourceDate "2021.06.05"]
[SourceVersion "1"]
[SourceVersionDate "2021.06.05"]
[SourceQuality "1"]
[TimeControl "40/100:0"]
[WhiteClock "0:02:07"]
[BlackClock "0:40:49"]

1. d4 Nf6 2. Nf3 c5 3. d5 g6 4. c4 b5 5. Qc2 bxc4 6. e4 Bg7 7. Bxc4 d6 8. O-O O-O 9. Nc3 Nbd7 10. Re1 a5 11. Bg5 h6 12. Bd2 Nb6 13.
Bb5 Bg4 14. Bc6 Rb8 15. e5 Nh7 16. Ne4 Bxf3 17. gxf3 Bxe5 18. Bxh6 Qc8 19. Ng3 Qh3 20. Be3 Qh4 21. f4 Bxf4 22. Bxf4 Qxf4 23. Rxe7 Ng5 24. Rae1 Nf3+ 25. Kg2 Nc8 26. R1e4 Nxe7 27. Qc3 Nh4+ 28. Kh3 Qxf2 29. Rxh4 f6 30. Ne4 Qf1+ 0-1

[Event "Gibraltar Masters 18th"]
[Site "Gibraltar"]
[Date "2020.01.27"]
[Round "7.39"]
[White "Sardana, Rishi"]
[Black "Ali Marandi, Cemil Can"]
[Result "0-1"]
[ECO "C76"]
[WhiteElo "2437"]
[BlackElo "2546"]
[PlyCount "64"]
[EventDate "2020.01.21"]
[EventType "swiss"]
[EventRounds "10"]
[EventCountry "GGB"]
[SourceTitle "BritBase"]
[Source "John Saunders"]
[SourceDate "2021.06.05"]
[SourceVersion "1"]
[SourceVersionDate "2021.06.05"]
[SourceQuality "1"]
[TimeControl "40/100:0"]
[WhiteClock "0:00:40"]
[BlackClock "0:23:52"]

1. e4 e5 2. Nf3 Nc6 3. Bb5 a6 4. Ba4 g6 5. c3 d6 6. d4 Bd7 7. O-O Bg7 8. dxe5 dxe5 9. Be3 Nf6 10. Nbd2 O-O 11. h3 Nh5 12. Bc2 Qe7 13. b4 Rfd8 14. Re1 Nf4 15. Qb1 Qf6 16. Bb3 g5 17. Nh2 h5 18. Ndf1 g4 19. hxg4 hxg4 20. Bd1 Qh4 21. g3 Nh3+ 22. Kg2 Qh5 23.
f3 gxf3+ 24. Nxf3 Ne7 25. N1h2 Ng6 26. Ng5 Qh8 27. Ng4 Nhf4+ 28. gxf4 Bxg4 29. Bxg4 Qh4 30. Be6 fxe6 31.
Qb3 Qg4+ 32. Kf1 Nxf4 0-1

[Event "Gibraltar Masters 18th"]
[Site "Gibraltar"]
[Date "2020.01.27"]
[Round "7.40"]
[White "Kaidanov, Gregory"]
[Black "Astaneh Lopez, Alex"]
[Result "1/2-1/2"]
[ECO "A05"]
[WhiteElo "2546"]
[BlackElo "2432"]
[PlyCount "102"]
[EventDate "2020.01.21"]
[EventType "swiss"]
[EventRounds "10"]
[EventCountry "GGB"]
[SourceTitle "BritBase"]
[Source "John Saunders"]
[SourceDate "2021.06.05"]
[SourceVersion "1"]
[SourceVersionDate "2021.06.05"]
[SourceQuality "1"]
[TimeControl "40/100:0"]
[WhiteClock "0:36:39"]
[BlackClock "0:47:55"]

1. Nf3 Nf6 2. g3 b5 3. Bg2 Bb7 4. O-O e6 5. d3 d5 6. Nbd2 Be7 7. e4 c5 8. a4 a6 9. exd5 Nxd5 10. Ne5 Qc7 11. Re1 O-O 12. axb5 axb5 13. Rxa8 Bxa8 14. c4 bxc4 15. dxc4 Nb6 16. Bxa8 Nxa8 17. Qa4 Nb6 18. Qb5 Nc8 19. Nb3 Na7 20. Qa5 Qxa5 21. Nxa5 Rc8 22. Be3 Nac6 23. Naxc6 Nxc6 24. Nxc6 Rxc6 25. Ra1 f5 26. Ra5 Kf7 27. Ra7 Ke8 28. h4 h6 29. h5 Rc8 30. Rb7 Ra8 31. Kg2 Ra4 32. b3 Ra2 33.
Rb5 Rb2 34. Bxc5 Bxc5 35. Rxc5 Rxb3 36. Rc7 Kf8 37. c5 e5 38. Rd7 Rc3 39. Rd5 f4 40. Rxe5 fxg3 41. fxg3 Kf7 42. g4 Kf6 43. Rf5+ Ke6 44. Kf2 Rc4 45. Kf3 Rc3+ 46. Kf2 Rc4 47. Kf3 Rc3+ 48. Ke2 Rc4 49. Kf3 Rc3+ 50. Kf2 Rc4 51. Kf3 Rc3+ 1/2-1/2

[Event "Gibraltar Masters 18th"]
[Site "Gibraltar"]
[Date "2020.01.27"]
[Round "7.41"]
[White "Rakotomaharo, Fy Antenaina"]
[Black "Baron, Tal"]
[Result "1/2-1/2"]
[ECO "E52"]
[WhiteElo "2433"]
[BlackElo "2529"]
[PlyCount "135"]
[EventDate "2020.01.21"]
[EventType "swiss"]
[EventRounds "10"]
[EventCountry "GGB"]
[SourceTitle "BritBase"]
[Source "John Saunders"]
[SourceDate "2021.06.05"]
[SourceVersion "1"]
[SourceVersionDate "2021.06.05"]
[SourceQuality "1"]
[TimeControl "40/100:0"]
[WhiteClock "0:03:47"]
[BlackClock "0:09:17"]

1. d4 Nf6 2. c4 e6 3. Nc3 Bb4 4. e3 O-O 5. Bd2 b6 6. Bd3 Bb7 7. Nf3 d5 8.
cxd5 exd5 9. Rc1 a6 10. O-O Nbd7 11. Ne5 Bd6 12. f4 Ne4 13. Nxe4 dxe4 14. Bc4 Qe7 15. Be1 Rad8 16. Nxd7 Rxd7 17. Qg4 Kh8 18. f5 f6 19. Bg3 Bxg3 20. Qxg3 Qd6 21. Be6 Qxg3 22. hxg3 Re7 23. d5 g6 24. g4 Rd8 25. Rfd1 h5 26. fxg6 hxg4 27. Rd4 Bc8 28. Bxc8 Rxc8 29. Rc6 Kg7 30. d6 Rd7 31. Kf2 Kxg6 32. Rdc4 b5 33. Rc2 Kg5 34. R2c5+ f5 35. Rxa6 Kh4 36. Rxf5 g3+ 37. Ke2 cxd6 38. Rf4+ Kg5 39. Rxe4 Rc2+ 40. Kf3 Rxb2 41. Kxg3 Kf5 42. Rf4+ Ke5 43. Kf3 Rb1 44. g4 Rf1+ 45. Kg3 Rg1+ 46. Kf2 Rb1 47. Ra8 Rh7 48. Rf5+ Ke6 49. Kf3 Rg7 50. Re8+ Kd7 51. Rb8 Kc6 52. Rc8+ Kd7 53. Rc2 Rf1+ 54. Ke2 Rg1 55. Rxb5 R7xg4 56. Ra5 R4g2+ 57. Kd3 Rd1+ 58. Kc3 Rg8 59. Ra7+ Ke6 60. Rd2 Re1 61. Rd3 Rc8+ 62. Kd2 Rec1 63. Rd4 R1c2+ 64. Kd1 Rh2 65. Ra6 Rcc2 66.
Raxd6+ Ke5 67. R6d5+ Ke6 68. Rd6+ 1/2-1/2

[Event "Gibraltar Masters 18th"]
[Site "Gibraltar"]
[Date "2020.01.27"]
[Round "7.42"]
[White "Beliavsky, Alexander G"]
[Black "Sankalp, Gupta"]
[Result "1/2-1/2"]
[ECO "D37"]
[WhiteElo "2529"]
[BlackElo "2400"]
[PlyCount "100"]
[EventDate "2020.01.21"]
[EventType "swiss"]
[EventRounds "10"]
[EventCountry "GGB"]
[SourceTitle "BritBase"]
[Source "John Saunders"]
[SourceDate "2021.06.05"]
[SourceVersion "1"]
[SourceVersionDate "2021.06.05"]
[SourceQuality "1"]
[TimeControl "40/100:0"]
[WhiteClock "0:25:20"]
[BlackClock "0:33:13"]

1. c4 Nf6 2. Nc3 e6 3. Nf3 d5 4. d4 a6 5. cxd5 exd5 6. Bg5 Be6 7. e3 Nbd7 8. h3 Bd6 9. Bd3 c6 10. O-O Qc7 11. Ne2 Nh5 12. Qd2 h6 13.
Bf4 g5 14. Bxd6 Qxd6 15. Qc3 O-O 16. Ne5 f6 17. Nxd7 Bxd7 18.
Qc5 Qe6 19. e4 Kh8 20. exd5 Qxd5 21. Qxd5 cxd5 22. Rfc1 Ng7 23.
Rc7 Bc6 24. Ng3 Rac8 25. Re7 f5 26. Rae1 f4 27. Ne2 Rf6 28.
Nc3 Kg8 29. R7e5 Rd8 30. b4 Kf8 31. a4 Rfd6 32. g3 Be8 33.
b5 Bf7 34. gxf4 gxf4 35. Ne2 axb5 36. axb5 Rf6 37. f3 Ra8 38. Rc1 Ne8 39. Kf2 Ra3 40. Rc3 Rxc3 41. Nxc3 Nc7 42. h4 b6 43. Bf5 Rd6 44. Re1 Rd8 45. Ra1 Ra8 46. Rxa8+ Nxa8 47. Bd7 Nc7 48. Na4 Be8 49. Bxe8 Kxe8 50. Nxb6 Kf7 1/2-1/2

[Event "Gibraltar Masters 18th"]
[Site "Gibraltar"]
[Date "2020.01.27"]
[Round "7.43"]
[White "Mendonca, Leon Luke"]
[Black "Kozak, Adam"]
[Result "1-0"]
[ECO "E46"]
[WhiteElo "2417"]
[BlackElo "2523"]
[PlyCount "167"]
[EventDate "2020.01.21"]
[EventType "swiss"]
[EventRounds "10"]
[EventCountry "GGB"]
[SourceTitle "BritBase"]
[Source "John Saunders"]
[SourceDate "2021.06.05"]
[SourceVersion "1"]
[SourceVersionDate "2021.06.05"]
[SourceQuality "1"]
[TimeControl "40/100:0"]
[WhiteClock "0:11:55"]
[BlackClock "0:32:21"]

1. d4 Nf6 2. c4 e6 3. Nc3 Bb4 4. e3 O-O 5. Nge2 c6 6. a3 Ba5 7. b4 Bc7 8. Bb2 d5 9. Ng3 Nbd7 10. Qc2 Re8 11. Rd1 Nb6 12. c5 Nbd7 13. Be2 e5 14. dxe5 Nxe5 15. e4 d4 16. Nb1 d3 17. Bxd3 Nfg4 18. Be2 Qf6 19. Bd4 Rd8 20. Qc3 Be6 21. O-O Rxd4 22. Qxd4 Qh4 23. h3 Nf6 24. Nf5 Qxe4 25. Qxe4 Nxe4 26. Nd4 Bd5 27. Nb5 Bd8 28. N5c3 Nf6 29. Nxd5 Nxd5 30. Rfe1 Bf6 31. Bf1 a5 32. b5 Kf8 33. Re4 Nd7 34. Rc1 Bg5 35. Rc2 Be7 36. bxc6 bxc6 37. Rec4 Ne5 38. Re4 Nd7 39. Rec4 Ne5 40. Ra4 Nd7 41. Nd2 Nxc5 42. Rac4 Nd7 43. Rxc6 Bxa3 44. Rc8+ Rxc8 45. Rxc8+ Ke7 46. Bb5 Bb4 47. Nc4 N7b6 48. Nxb6 Nxb6 49. Rc7+ Kf8 50. Rc6 Nd5 51. Bc4 Ne7 52. Ra6 g5 53. Rf6 Kg7 54. Rxf7+ Kg6 55. Rf8 h5 56. g3 h4 57. gxh4 gxh4 58. Rf4 Nc6 59. Rxh4 Ne5 60. Be2 Kg5 61. Rh5+ Kf6 62. Rh6+ Kg5 63. Rb6 Ng6 64. Rb5+ Kf6 65. Bd3 Ne5 66. Be4 Bd2 67. Kg2 Nc4 68. Rc5 Nd6 69. Bc2 Bb4 70. Rd5 Ke6 71. Rh5 Nb7 72. Rh8 Nc5 73. Ra8 Ke5 74. Kg3 Kd4 75. h4 Kc3 76. Bf5 a4 77. h5 a3 78. h6 Kb2 79. Rb8 a2 80.
Rxb4+ Ka1 81. Rb1+ axb1=N 82. Bxb1 Kxb1 83. h7 Ne4+ 84. Kg2 1-0

[Event "Gibraltar Masters 18th"]
[Site "Gibraltar"]
[Date "2020.01.27"]
[Round "7.44"]
[White "Flom, Gabriel"]
[Black "Zhukova, Natalia"]
[Result "1/2-1/2"]
[ECO "D58"]
[WhiteElo "2510"]
[BlackElo "2338"]
[PlyCount "100"]
[EventDate "2020.01.21"]
[EventType "swiss"]
[EventRounds "10"]
[EventCountry "GGB"]
[SourceTitle "BritBase"]
[Source "John Saunders"]
[SourceDate "2021.06.05"]
[SourceVersion "1"]
[SourceVersionDate "2021.06.05"]
[SourceQuality "1"]
[TimeControl "40/100:0"]
[WhiteClock "1:11:30"]
[BlackClock "0:31:59"]

1. d4 d5 2. c4 e6 3. Nc3 Nf6 4. Bg5 Be7 5. Nf3 O-O 6. e3 h6 7. Bh4 b6 8. Rc1 Bb7 9. Bxf6 Bxf6 10. cxd5 exd5 11. Qb3 Re8 12. Be2 c6 13. O-O Nd7 14. Rfe1 Nf8 15. a4 Rb8 16. e4 Ne6 17. e5 Be7 18. Rcd1 a5 19. Bd3 Bb4 20. Bb1 Bc8 21. h4 Nf8 22. Re3 Bg4 23.
g3 Ne6 24. Ne2 g6 25. Nh2 Bxe2 26. Rxe2 h5 27. Kg2 c5 28. dxc5 Nxc5 29. Qa2 Qd7 30. Rxd5 Qxa4 31. Qxa4 Nxa4 32. Nf3 Nc5 33. Ba2 Kg7 34. Ng5 Re7 35. f4 Rbb7 36. Rd6 Nb3 37. Rd8 Nc1 38. Rc2 Rec7 39. Bc4 b5 40. Rxc1 Rxc4 41. Rcd1 Be7 42. Ra8 a4 43. Kf3 a3 44. bxa3 Rc3+ 45. Kf2 Rxa3 46. Rxa3 Bxa3 47. Ne4 Be7 48. Nd6 Bxd6 49. exd6 Rd7 50. Rb1 Rxd6 1/2-1/2

[Event "Gibraltar Masters 18th"]
[Site "Gibraltar"]
[Date "2020.01.27"]
[Round "7.45"]
[White "Barbosa, Evandro Amorim"]
[Black "Lujan, Carolina"]
[Result "1-0"]
[ECO "B46"]
[WhiteElo "2501"]
[BlackElo "2330"]
[PlyCount "81"]
[EventDate "2020.01.21"]
[EventType "swiss"]
[EventRounds "10"]
[EventCountry "GGB"]
[SourceTitle "BritBase"]
[Source "John Saunders"]
[SourceDate "2021.06.05"]
[SourceVersion "1"]
[SourceVersionDate "2021.06.05"]
[SourceQuality "1"]
[TimeControl "40/100:0"]
[WhiteClock "0:07:48"]
[BlackClock "0:02:23"]

1. e4 c5 2. Nf3 Nc6 3. d4 cxd4 4. Nxd4 e6 5. Nc3 Qc7 6. f4 a6 7. Nxc6 bxc6 8. Bd3 d6 9. O-O Nf6 10. Kh1 Be7 11. Qe2 Nd7 12. Bd2 c5 13.
Rae1 O-O 14. Nd1 Bh4 15. Nf2 e5 16. f5 Bb7 17. c4 Bxf2 18.
Qxf2 f6 19. Qh4 Rf7 20. Rf3 Kf8 21. Qxh7 g5 22. Qh5 Ke7 23. Rh3 Rg8 24. Qg4 Bc6 25. Bc2 Rb8 26. Bc3 Qb7 27. Rd1 Nb6 28. b3 a5 29. Qe2 a4 30. b4 Qc7 31. b5 Bb7 32. Ba5 Ra8 33.
Qe1 Kf8 34. Qd2 Rd7 35. Qc3 Kg7 36. Rh5 Rxa5 37. Qxa5 Nxc4 38. Qc3 d5 39. Qh3 Kf8 40. Rh8+ Ke7 41. Qh6 1-0

[Event "Gibraltar Masters 18th"]
[Site "Gibraltar"]
[Date "2020.01.27"]
[Round "7.46"]
[White "Reimanis, Ritvars"]
[Black "Bilguun, Sumiya"]
[Result "1-0"]
[ECO "A84"]
[WhiteElo "2370"]
[BlackElo "2486"]
[PlyCount "141"]
[EventDate "2020.01.21"]
[EventType "swiss"]
[EventRounds "10"]
[EventCountry "GGB"]
[SourceTitle "BritBase"]
[Source "John Saunders"]
[SourceDate "2021.06.05"]
[SourceVersion "1"]
[SourceVersionDate "2021.06.05"]
[SourceQuality "1"]
[TimeControl "40/100:0"]
[WhiteClock "0:16:52"]
[BlackClock "0:08:27"]

1. d4 d5 2. c4 e6 3. Nf3 c6 4. e3 f5 5. Bd3 Nf6 6. O-O Bd6 7. b3 Ne4 8. Ba3 Bxa3 9. Nxa3 Nd7 10. Nc2 a6 11. a4 a5 12. Nce1 b6 13. Rc1 Bb7 14. cxd5 exd5 15. Be2 O-O 16. Nd3 Rf6 17. Nfe5 Nf8 18. f3 Ng5 19. Rf2 Rc8 20. Bf1 Nfe6 21. Rfc2 Qe8 22. Qd2 Rh6 23. g3 Nd8 24. h4 Ngf7 25. Bh3 Nd6 26. f4 Rf6 27. Nf2 N6f7 28. g4 Nd6 29. g5 Rf8 30. b4 Qh5 31. bxa5 bxa5 32. Kg2 N8f7 33. Nfd3 Ne4 34. Qe1 Nfd6 35. Nf3 Nc4 36. Nde5 c5 37. Nd7 cxd4 38. exd4 Rfe8 39. Nde5 Ned6 40. Kh2 Ba8 41. Bg2 Rb8 42. Nd2 Nxd2 43. Rxd2 Rb3 44. Rdc2 Nc4 45. Rc3 Rb2 46. R1c2 Rxc2 47. Rxc2 h6 48. Qg3 hxg5 49. Qxg5 Qd1 50. Qxf5 Nd6 51. Qd3 Qxd3 52. Nxd3 Nf5 53. Rc5 Nxd4 54. Rxa5 Kh7 55. Ne5 Ne2 56. Nd3 Re3 57. Bxd5 Bxd5 58. Rxd5 Nc3 59. Rh5+ Kg8 60. Nc5 Re2+ 61. Kh3 Ra2 62. Rg5 Kf7 63. f5 Kf6 64. Rg6+ Kxf5 65. Rxg7 Nxa4 66. Rg5+ Kf6 67. Ne4+ Ke6 68. h5 Ra3+ 69. Kg4 Re3 70. Kf4 Re1 71. Re5+ 1-0

[Event "Gibraltar Masters 18th"]
[Site "Gibraltar"]
[Date "2020.01.27"]
[Round "7.47"]
[White "De Haan, Eric"]
[Black "Raja, Harshit"]
[Result "1/2-1/2"]
[ECO "E20"]
[WhiteElo "2308"]
[BlackElo "2482"]
[PlyCount "117"]
[EventDate "2020.01.21"]
[EventType "swiss"]
[EventRounds "10"]
[EventCountry "GGB"]
[SourceTitle "BritBase"]
[Source "John Saunders"]
[SourceDate "2021.06.05"]
[SourceVersion "1"]
[SourceVersionDate "2021.06.05"]
[SourceQuality "1"]
[TimeControl "40/100:0"]
[WhiteClock "0:00:35"]
[BlackClock "0:08:46"]

1. d4 Nf6 2. c4 e6 3. Nc3 Bb4 4. f3 d5 5. a3 Be7 6. e4 dxe4 7. fxe4 e5 8. d5 Bc5 9. Nf3 Bg4 10. h3 Bxf3 11. Qxf3 a5 12. g4 g6 13. Bd3 Nfd7 14. h4 h5 15.
Bg5 Be7 16. Rf1 Rh7 17. Bxe7 Qxe7 18. g5 Na6 19. O-O-O O-O-O 20. Bc2 Rf8 21. d6 cxd6 22. Nb5 f6 23. Qc3 fxg5 24. Rxf8+ Nxf8 25. Qxa5 Nc7 26. Nxd6+ Kb8 27. Qb6 Na8 28. Qb5 gxh4 29. Nxb7 Qg5+ 30. Kb1 Rxb7 31. Qe8+ Ka7 32. Qxf8 Nb6 33. Qc5 h3 34. Qa5+ Kb8 35. c5 Nc8 36. c6 Rb6 37. Qc5 h2 38. Ka2 Qe7 39. Qc4 Nd6 40.
Qc5 Nc8 41. Qf2 Qe6+ 42. Ka1 Qh3 43. Rh1 Rxc6 44. Rxh2 Rf6 45. Qd2 Qf1+ 46. Ka2 Qc4+ 47. Bb3 Qxe4 48. Qa5 Qd4 49. Rc2 Rb6 50. Rc5 e4 51. Rc4 Qf6 52. Qc5 Qd8 53. Qe5+ Nd6 54. Rc5 Qe8 55. Be6 Qa4 56. Ra5 Qe8 57. Rc5 Ka7 58. Ra5+ Kb8 59. Rc5 1/2-1/2

[Event "Gibraltar Masters 18th"]
[Site "Gibraltar"]
[Date "2020.01.27"]
[Round "7.48"]
[White "Girya, Olga"]
[Black "Werle, Iozefina"]
[Result "0-1"]
[ECO "E51"]
[WhiteElo "2477"]
[BlackElo "2271"]
[PlyCount "74"]
[EventDate "2020.01.21"]
[EventType "swiss"]
[EventRounds "10"]
[EventCountry "GGB"]
[SourceTitle "BritBase"]
[Source "John Saunders"]
[SourceDate "2021.06.05"]
[SourceVersion "1"]
[SourceVersionDate "2021.06.05"]
[SourceQuality "1"]
[TimeControl "40/100:0"]
[WhiteClock "0:00:43"]
[BlackClock "0:27:10"]

1. d4 Nf6 2. c4 e6 3. Nf3 d5 4. Nc3 Bb4 5. Qa4+ Nc6 6. e3 O-O 7. Qc2 dxc4 8.
Bxc4 a6 9. O-O Bd6 10. a3 e5 11. h3 Bd7 12. Rd1 Qc8 13. d5 Ne7 14. Bf1 Ng6 15.
Nd2 Qd8 16. b4 Nh5 17. Nce4 f5 18. Nc5 b5 19. Bb2 Bc8 20. Ne6 Bxe6 21. dxe6 Nh4 22. Qc6 Qg5 23. a4 Rab8 24. axb5 axb5 25. Ra7 e4 26. Qd5 Kh8 27. Nxe4 Nf3+ 28. Kh1 fxe4 29. gxf3 Qh4 30. Rd2 Rxf3 31. Be5 Rxf2 32. Rxf2 Qxf2 33. Bg2 Ng3+ 34. Kh2 Nf1+ 35. Kh1 Nxe3 36. Bxg7+ Kxg7 37. Qg5+ Kh8 0-1

[Event "Gibraltar Masters 18th"]
[Site "Gibraltar"]
[Date "2020.01.27"]
[Round "7.49"]
[White "Quintiliano Pinto, Renato R"]
[Black "Pratyusha, Bodda"]
[Result "1-0"]
[ECO "D38"]
[WhiteElo "2471"]
[BlackElo "2267"]
[PlyCount "149"]
[EventDate "2020.01.21"]
[EventType "swiss"]
[EventRounds "10"]
[EventCountry "GGB"]
[SourceTitle "BritBase"]
[Source "John Saunders"]
[SourceDate "2021.06.05"]
[SourceVersion "1"]
[SourceVersionDate "2021.06.05"]
[SourceQuality "1"]
[TimeControl "40/100:0"]
[WhiteClock "0:06:25"]
[BlackClock "0:22:59"]

1. d4 d5 2. c4 e6 3. Nc3 Nf6 4. Nf3 Bb4 5. Qa4+ Nc6 6. e3 O-O 7. a3 Bxc3+ 8. bxc3 Ne4 9. Bb2 Qe8 10. Qc2 Na5 11. Bd3 Bd7 12. a4 c5 13. O-O Rc8 14. Ne5 cxd4 15. exd4 f5 16. cxd5 exd5 17. Rfe1 Be6 18. Re3 Nc6 19. Nxc6 Qxc6 20. Bb5 Qb6 21. f3 f4 22. Ree1 a6 23. Bd3 Nf6 24. Ba3 Rfe8 25. Bc5 Qc7 26. a5 Bd7 27. Rxe8+ Rxe8 28. Qd2 Bc6 29. Bb4 Bd7 30. Re1 Kf7 31. Rxe8 Bxe8 32. Qe1 g5 33. Bf5 Kg7 34. Qe6 Bf7 35. Qc8 Qxc8 36. Bxc8 Be8 37. Bxb7 Bb5 38. Be7 Bc4 39. Bc6 Kf7 40. Bd8 h6 41. Kf2 Nh7 42. Ke1 Nf8 43.
Bc7 Ke6 44. Be5 Kf7 45. Bd6 Ne6 46. Kf2 Nd8 47. Bd7 Ne6 48.
g3 fxg3+ 49. Kxg3 Be2 50. Bc6 Bc4 51. Kg4 Nd8 52. Bd7 Be2 53.
Bb4 Kf6 54. Bf8 h5+ 55. Kg3 Nf7 56. Bc8 Bc4 57. h4 Be2 58.
Ba3 Bc4 59. Bc5 Be2 60. Kf2 Bc4 61. hxg5+ Nxg5 62. Bd6 Nf7 63. Bg3 Kg6 64. Ke3 Bb5 65. Be6 Bc4 66. Kf4 Nd8 67. Bf5+ Kf7 68. Kg5 Ne6+ 69. Kh6 Be2 70. Bg6+ Kg8 71. Bxh5 Ng7 72. Bg4 Bxf3 73. Bxf3 Nf5+ 74. Kg5 Nxg3 75. Kf4 1-0

[Event "Gibraltar Masters 18th"]
[Site "Gibraltar"]
[Date "2020.01.27"]
[Round "7.50"]
[White "Tabatabaei, M.Amin"]
[Black "Mullick, Raahil"]
[Result "1-0"]
[ECO "D17"]
[WhiteElo "2638"]
[BlackElo "2382"]
[PlyCount "81"]
[EventDate "2020.01.21"]
[EventType "swiss"]
[EventRounds "10"]
[EventCountry "GGB"]
[SourceTitle "BritBase"]
[Source "John Saunders"]
[SourceDate "2021.06.05"]
[SourceVersion "1"]
[SourceVersionDate "2021.06.05"]
[SourceQuality "1"]
[TimeControl "40/100:0"]
[WhiteClock "0:47:48"]
[BlackClock "0:00:32"]

1. d4 d5 2. c4 c6 3. Nf3 Nf6 4. Nc3 dxc4 5. a4 Bf5 6. Ne5 Nbd7 7. Nxc4 Nb6 8. Ne5 a5 9. e3 h6 10. f3 e6 11. e4 Bh7 12. Be3 Nfd7 13.
Nd3 Be7 14. Qb3 O-O 15. Be2 Kh8 16. O-O Bg8 17. Rad1 f5 18.
Ne5 Qe8 19. Nxd7 Nxd7 20. Qxb7 Rb8 21. Qxc6 Rxb2 22. Rb1 Rxb1 23. Rxb1 fxe4 24. Nxe4 Nf6 25. Qxe8 Rxe8 26.
Nxf6 Bxf6 27. Rb5 Ra8 28. f4 Bh7 29. Bf3 Rd8 30. Rxa5 Bc2 31.
Kf2 Bxd4 32. Ra6 Bxe3+ 33. Kxe3 Rd3+ 34. Kf2 Rd2+ 35. Kg3 Rd4 36. a5 Ra4 37. Ra8+ Kh7 38. a6 Bd3 39. a7 Bf5 40. h4 Bd3 41.
Rd8 1-0

[Event "Gibraltar Masters 18th"]
[Site "Gibraltar"]
[Date "2020.01.27"]
[Round "7.51"]
[White "Bellahcene, Bilel"]
[Black "Ioannidis, Evgenios"]
[Result "0-1"]
[ECO "C77"]
[WhiteElo "2536"]
[BlackElo "2373"]
[PlyCount "66"]
[EventDate "2020.01.21"]
[EventType "swiss"]
[EventRounds "10"]
[EventCountry "GGB"]
[SourceTitle "BritBase"]
[Source "John Saunders"]
[SourceDate "2021.06.05"]
[SourceVersion "1"]
[SourceVersionDate "2021.06.05"]
[SourceQuality "1"]
[TimeControl "40/100:0"]
[WhiteClock "0:01:50"]
[BlackClock "0:05:57"]

1. e4 e5 2. Nf3 Nc6 3. Bb5 a6 4. Ba4 Nf6 5. Nc3 b5 6. Bb3 Be7 7. d3 d6 8. a3 O-O 9. O-O Na5 10. Ba2 Be6 11. d4 Bxa2 12. Rxa2 exd4 13. Nxd4 Re8 14. Re1 Qd7 15. Bg5 Bd8 16. Ra1 h6 17. Bf4 Nc6 18.
Nf5 Ne7 19. Ne3 Qc6 20. Qf3 Ng6 21. Nf5 Rb8 22. Bxh6 gxh6 23. Nxh6+ Kf8 24. Nf5 b4 25. axb4 Rxb4 26. Qh3 Re5 27. f4 Qc5+ 28. Kh1 Nxe4 29. Nxe4 Rexe4 30. Ng3 Rxe1+ 31. Rxe1 Bh4 32. f5 Qf2 33. Re2 Qf4 0-1

[Event "Gibraltar Masters 18th"]
[Site "Gibraltar"]
[Date "2020.01.27"]
[Round "7.52"]
[White "Padmini, Rout"]
[Black "Moroni, Luca Jr"]
[Result "1-0"]
[ECO "C79"]
[WhiteElo "2369"]
[BlackElo "2532"]
[PlyCount "59"]
[EventDate "2020.01.21"]
[EventType "swiss"]
[EventRounds "10"]
[EventCountry "GGB"]
[SourceTitle "BritBase"]
[Source "John Saunders"]
[SourceDate "2021.06.05"]
[SourceVersion "1"]
[SourceVersionDate "2021.06.05"]
[SourceQuality "1"]
[TimeControl "40/100:0"]
[WhiteClock "0:16:47"]
[BlackClock "0:40:38"]

1. e4 e5 2. Nf3 Nc6 3. Bb5 a6 4. Ba4 d6 5. O-O Bd7 6. c3 g6 7. d4 Bg7 8. Re1 Nf6 9. h3 O-O 10. Bg5 b5 11. Bb3 h6 12. Bh4 Re8 13.
Nbd2 Rb8 14. a3 Qe7 15. Ba2 exd4 16. cxd4 g5 17. Bg3 Nh5 18. Bh2 g4 19. hxg4 Bxg4 20. Qc2 Nxd4 21. Nxd4 Bxd4 22. e5 dxe5 23. Qg6+ Ng7 24. Qxg4 Bxb2 25. Rad1 Rbd8 26. Ne4 c5 27. Qg6 Rxd1 28. Rxd1 Rd8 29. Rxd8+ Qxd8 30. Nf6+ 1-0